 Dungeon Crawl Stone Soup version 0.21.0-3-g78d12a8 (webtiles) character file.

14620 Amnesiac the Destroyer (level 12, 0/93 HPs)
             Began as a Tengu Air Elementalist on Jan 8, 2018.
             Was a High Priest of Sif Muna.
             Succumbed to a hornet's poison
             ... on level 12 of the Dungeon.
             The game lasted 00:36:43 (12740 turns).

Amnesiac the Destroyer (Tengu Air Elementalist)    Turns: 12740, Time: 00:36:44

Health: 0/93       AC: 30    Str: 12    XL:     12   Next: 18%
Magic:  23/40      EV:  2    Int: 19    God:    Sif Muna [*****.]
Gold:   650        SH:  5    Dex: 16    Spells: 6/28 levels left

rFire    . . .     SeeInvis +   n - staff of power
rCold    . . .     Gourm    .   r - +0 buckler
rNeg     + + +     Faith    .   (armour currently unavailable)
rPois    +         Spirit   +   (helmet currently unavailable)
rElec    .         Reflect  .   (cloak currently unavailable)
rCorr    .         Harm     .   (gloves currently unavailable)
MR       .....     NoTele   +   (boots unavailable)
Stlth    ++........             f - amulet of guardian spirit
HPRegen  0.25/turn              F - ring of see invisible
MPRegen  0.27/turn              p - +4 ring of protection

@: mighty, lethally poisoned (0 -> -8), tree-form, divine energy
A: weak 1, able to fly 1
a: Fly, Stop Divine Energy, Channel Magic, Forget Spell, Renounce Religion


You were on level 12 of the Dungeon.
You worshipped Sif Muna.
Sif Muna was extremely pleased with you.
You were not hungry.
You were a tree.
You visited 2 branches of the dungeon, and saw 13 of its levels.

You collected 650 gold pieces.

Inventory:

Missiles
 a - 3 throwing nets (quivered)
 o - 8 needles of paralysis
 q - 30 poisoned needles
Armour
 d - the +0 pair of fencer's gloves (melded) {+Riposte Dex+3}
   (You found it on level 11 of the Dungeon)

   It affects your dexterity (+3).
 r - a +0 buckler (worn)
 x - a +0 cloak (melded)
 G - a +1 robe of fire resistance (melded)
Magical Staves
 n - an uncursed staff of power (weapon)
Jewellery
 f - an amulet of guardian spirit (around neck)
 p - a +4 ring of protection (right branch)
 F - a ring of see invisible (left branch)
Wands
 w - a wand of disintegration (14)
 I - a wand of iceblast (12)
 J - a wand of clouds (4)
 M - a wand of acid (11)
Scrolls
 b - 2 scrolls of magic mapping {!r, unknown}
 e - 7 scrolls of teleportation {!r}
 h - 2 scrolls of amnesia {!r}
 i - a scroll of enchant armour {!r, unknown}
 l - 4 scrolls of remove curse {!r}
 t - 2 scrolls of enchant weapon {!r}
 v - 5 scrolls of identify {!r}
 N - a scroll of immolation {!r, unknown}
Potions
 g - a potion of might {!q}
 j - a potion of agility {!q, unknown}
 m - a potion of mutation {!q}
 s - a potion of magic {!q}
 u - 3 potions of berserk rage {!q, unknown}
 z - 2 potions of brilliance {!q}
 A - 2 potions of flight {!q}
 C - a potion of haste {!q}
 D - 3 potions of lignification {!q}
 E - a potion of cancellation {!q, unknown}
 H - 2 potions of resistance {!q}
Books
 y - Sif Muna's Papyrus of the World
   (Sif Muna gifted it to you on level 11 of the Dungeon)

   Spells                             Type                      Level
   a - Magic Dart                     Conjuration                  1
   b - Sticky Flame                   Conjuration/Fire             4
   c - Irradiate                      Conjuration/Transmutation    5
   d - Poison Arrow                   Conjuration/Poison           6
 L - a book of the Tempests

   Spells                             Type                      Level
   a - Static Discharge               Conjuration/Air              3
   b - Lightning Bolt                 Conjuration/Air              5
   c - Ignition                       Fire                         8
   d - Tornado                        Air                          9
   e - Shatter                        Earth                        9
Comestibles
 c - 12 rations
 k - 3 chunks of flesh


   Skills:
 - Level 1.9 Fighting
 - Level 2.1 Dodging
 - Level 2.0 Stealth
 - Level 4.0 Shields
 + Level 8.6 Spellcasting
 * Level 14.8 Conjurations
 * Level 14.7 Air Magic


You had 6 spell levels left.
You knew the following spells:

 Your Spells              Type           Power        Failure   Level  Hunger
a - Airstrike             Air            ######....   1%          4    ###....
b - Static Discharge      Conj/Air       ######..     1%          3    None
c - Apportation           Tloc           #.....       9%          1    None
d - Orb of Destruction    Conj           ######....   16%         7    #######
e - Lightning Bolt        Conj/Air       ######....   1%          5    #####..
f - Shock                 Conj/Air       ####         1%          1    None
z - Confusing Touch       Hex            #.....       9%          1    None


Dungeon Overview and Level Annotations

Branches:
Dungeon (12/15)            Temple (1/1) D:7            Lair (0/6) D:8
    Orc (0/2) D:10

Altars:
Hepliaklqana
Makhleb
Sif Muna
Trog
Uskayaw
Wu Jian
Xom
Zin

Portals:
Trove: D:10 (give +2 gold dragon scales)

Annotations:
D:4 Ignatius881's ghost, amateur MiBe


Innate Abilities, Weirdness & Mutations

((You have a beak for a mouth.))
((You have claws for feet.))
You can fly.
You are weak. (Str -2)


Message History

The air twists around and strikes the orc priest!
You kill the orc priest!
Sif Muna accepts your kill. Sif Muna grants you divine energy.
You briefly lose access to your magic!
Your surroundings suddenly seem different.
Found a potion of lignification.
Found an escape hatch in the floor.
A hornet comes into view.
Unknown command.
Okay, then.
You see here a potion of lignification {!q}.
D - 4 potions of lignification {!q} (gained 1)
A sky beast comes into view.
Really quaff
D - 4 potions of lignification {!q}?
You turn into a tree.
You feel less resistant to fire.
Your roots penetrate the ground.
Really quaff
g - 2 bubbling sapphire potions {!q}?
It was a potion of might {!q}.
You feel very mighty all of a sudden. The hornet stings you!
* * * LOW HITPOINT WARNING * * *
You feel yourself slow down.
The hornet stings you but does no damage.
Okay, then.
Really quaff
s - 3 golden potions {!q}?
It was a potion of magic {!q}.
Magic courses through your body.
You regain access to your magic.
You block the hornet's attack. x2
Casting: Airstrike
Confirm with . or Enter, or press ? or * to list all spells.
Aiming: Airstrike
Press: ? - help, Dir - move target cursor, f - hornet
Aim: a hornet The air twists around and violently strikes the hornet!
The hornet is heavily wounded.
You feel yourself speed up.
The hornet stings you but does no damage. x2
Casting: Airstrike
Confirm with . or Enter, or press ? or * to list all spells.
Aiming: Airstrike
Press: ? - help, Dir - move target cursor, f/p - hornet
Aim: a hornet (heavily wounded)
The air twists around and violently strikes the hornet!
The hornet is severely wounded.
The hornet stings you but does no damage.
The hornet stings you!
* * * LOW HITPOINT WARNING * * *
You feel yourself slow down.
Casting: Airstrike
Confirm with . or Enter, or press ? or * to list all spells.
Aiming: Airstrike
Press: ? - help, Dir - move target cursor, f/p - hornet
Aim: a hornet (severely wounded)
The air twists around and violently strikes the hornet!
The hornet is almost dead.
You feel yourself speed up. The hornet stings you!
* * * LOW HITPOINT WARNING * * *
You are lethally poisoned!
You feel yourself slow down.
The hornet stings you but does no damage.
Really quaff
s - 2 potions of magic {!q}?
Magic courses through your body.
You feel yourself speed up.
You die...

.....
...#
...#
...#
#..#
#.>#
#..#
#♣.#
#y.#
#..#
#
#..#
#..#
#..#
#..#
#..#
#..#


You could see a hornet.

Vanquished Creatures
  2 two-headed ogres
  Erica (D:11)
  The ghost of RadicalHijinx the Cleaver, a novice HOFi of Wu Jian (D:7)
  Pikel (D:7)
  A cyclops (D:11)
  A manticore (D:10)
  Psyche (D:11)
  A gargoyle (D:11)
  A hornet (D:9)
  A troll (D:9)
  3 slime creatures (D:12)
  2 hippogriffs
  12 yaks
  A vampire mosquito (D:12)
  2 wargs (D:8)
  3 orc warriors
  4 slaves
  4 ice beasts
  3 sky beasts
  A necrophage (D:10)
  4 phantoms
  3 ogres
  8 centaurs
  A gnoll sergeant (D:8)
  3 bullfrogs
  2 scorpions
  A water moccasin skeleton (D:5)
  12 killer bees
  4 wights (D:11)
  6 howler monkeys (D:9)
  8 crimson imps
  2 bullfrog zombies
  3 centaur zombies
  2 quasits (D:9)
  14 orc priests
  8 hounds
  A jelly (D:10)
  8 orc wizards
  Crazy Yiuf (D:5)
  4 centaur skeletons
  4 iguanas
  9 worker ants
  A killer bee zombie (D:8)
  A hound zombie (D:9)
  3 hound skeletons
  10 adders
  9 gnolls
  2 shadow imps (D:9)
  An adder zombie (D:8)
  2 adder skeletons (D:4)
  5 worms
  2 dart slugs (D:2)
  6 leopard geckos
  40 orcs
  5 giant cockroaches
  8 goblins
  9 hobgoblins
  10 jackals
  4 quokkas
  5 bats
  7 frilled lizards
  7 kobolds
  A leopard gecko skeleton (D:4)
  6 rats
298 creatures vanquished.

Vanquished Creatures (others)
  2 plants (D:8)
2 creatures vanquished.

Grand Total: 300 creatures vanquished

Notes
Turn   | Place    | Note
-------+----------+-------------------------------------------
     0 | D:1      | Amnesiac the Tengu Air Elementalist began the quest for the Orb.
     0 | D:1      | Reached XP level 1. HP: 10/10 MP: 4/4
   296 | D:1      | Reached XP level 2. HP: 14/15 MP: 3/6
   596 | D:2      | Noticed a hand axe
   598 | D:2      | Noticed a dagger
   674 | D:2      | Reached XP level 3. HP: 19/19 MP: 4/7
   829 | D:2      | Found a hide-covered altar of Uskayaw.
  1190 | D:2      | Reached XP level 4. HP: 20/24 MP: 1/9
  1196 | D:2      | Learned a level 4 spell: Airstrike
  1331 | D:3      | Learned a level 3 spell: Static Discharge
  2378 | D:4      | Gained mutation: You can fly. [Tengu growth]
  2378 | D:4      | Reached XP level 5. HP: 19/28 MP: 7/12
  2471 | D:4      | Noticed Ignatius881's ghost (amateur MiBe)
  2528 | D:4      | Reached skill level 1 in Fighting
  2623 | D:4      | Found a deep blue altar of Sif Muna.
  2639 | D:4      | Became a worshipper of Sif Muna the Loreminder
  2729 | D:4      | Identified Sif Muna's Grimoire of the Escort
  2967 | D:4      | Found a deep blue altar of Sif Muna.
  3007 | D:4      | Reached XP level 6. HP: 34/34 MP: 7/13
  3210 | D:5      | Entered Level 5 of the Dungeon
  3359 | D:4      | Found a burning altar of Makhleb.
  3896 | D:5      | Reached skill level 5 in Conjurations
  3896 | D:5      | Reached skill level 5 in Air Magic
  3952 | D:5      | Noticed an ice beast
  3959 | D:5      | Killed an ice beast
  4212 | D:5      | Noticed an ice beast
  4224 | D:5      | Killed an ice beast
  4224 | D:5      | Reached XP level 7. HP: 35/38 MP: 0/14
  4370 | D:5      | Found a runed door.
  4474 | D:5      | Found a shimmering altar of Xom.
  4688 | D:5      | Noticed Crazy Yiuf
  4691 | D:5      | Killed Crazy Yiuf
  4790 | D:6      | Reached * piety under Sif Muna
  5072 | D:6      | Learned a level 5 spell: Lightning Bolt
  5076 | D:6      | Found Luibecw's Food Boutique.
  5247 | D:6      | Reached XP level 8. HP: 43/43 MP: 10/16
  5293 | D:6      | Reached skill level 5 in Spellcasting
  5743 | D:7      | Found a hazy altar of Hepliaklqana.
  5886 | D:7      | Noticed a hippogriff
  5896 | D:7      | Killed a hippogriff
  5930 | D:7      | Found a staircase to the Ecumenical Temple.
  5940 | Temple   | Entered the Ecumenical Temple
  5941 | Temple   | Reached ** piety under Sif Muna
  6280 | D:7      | Noticed RadicalHijinx's ghost (novice HOFi)
  6331 | D:7      | Killed RadicalHijinx's ghost
  6331 | D:7      | Reached XP level 9. HP: 41/47 MP: 0/18
  6572 | D:7      | Noticed Pikel
  6579 | D:7      | Killed Pikel
  6579 | D:7      | Reached *** piety under Sif Muna
  6579 | D:7      | Reached skill level 10 in Conjurations
  6579 | D:7      | Reached skill level 10 in Air Magic
  6660 | D:7      | Learned a level 1 spell: Confusing Touch
  6662 | D:7      | Learned a level 1 spell: Apportation
  6666 | D:7      | Found a bloodstained altar of Trog.
  7543 | D:8      | Identified a scroll of acquirement {!r}
  7582 | D:8      | Noticed a two-headed ogre
  7606 | D:8      | Killed a two-headed ogre
  7606 | D:8      | Reached **** piety under Sif Muna
  7606 | D:8      | Reached XP level 10. HP: 37/52 MP: 0/21
  7928 | D:8      | Found a staircase to the Lair.
  8530 | D:9      | Reached skill level 1 in Shields
  8679 | D:9      | Got a faintly glowing chain mail
  8690 | D:9      | Identified the +5 chain mail of the Eternal Void {rPois Dex+5} (You found it on level 9 of the Dungeon)
  8704 | D:9      | Paralysed by a hornet for 2 turns
  9032 | D:9      | Found a glowing silver altar of Zin.
  9238 | D:9      | Reached ***** piety under Sif Muna
  9266 | D:9      | Reached XP level 11. HP: 49/57 MP: 0/23
  9360 | D:10     | Entered Level 10 of the Dungeon
  9360 | D:10     | Found a portal to a secret trove of treasure.
  9377 | D:9      | Identified Sif Muna's Guide on Excruciating Intoxication (Sif Muna gifted it to you on level 9 of the Dungeon)
  9377 | D:9      | Received a gift from Sif Muna
  9416 | D:9      | Learned a level 7 spell: Orb of Destruction
  9521 | D:10     | Noticed a manticore
  9907 | D:10     | Noticed a two-headed ogre
  9919 | D:10     | Killed a two-headed ogre
 10111 | D:10     | Killed a manticore
 10751 | D:10     | Found a staircase to the Orcish Mines.
 11327 | D:11     | Got a dazzling scale mail
 11339 | D:11     | Noticed a cyclops
 11372 | D:11     | Killed a cyclops
 11372 | D:11     | Identified a paperback manual (Sif Muna gifted it to you on level 11 of the Dungeon)
 11372 | D:11     | Received a gift from Sif Muna
 11557 | D:11     | Found the +0 pair of fencer's gloves {+Riposte Dex+3}
 11700 | D:11     | Noticed Psyche
 11706 | D:11     | Killed Psyche
 11725 | D:11     | Noticed Erica
 11821 | D:11     | Killed Erica
 11861 | D:11     | Identified the +3 scale mail "Teruappo" {*Contam MR+ Int+4} (You found it on level 11 of the Dungeon)
 11887 | D:11     | Reached XP level 12. HP: 62/62 MP: 0/25
 11937 | D:11     | Gained mutation: You are weak. (Str -2) [mutagenic glow]
 12739 | D:12     | HP: 1/93 [hornet (4)]
 12740 | D:12     | Succumbed to a hornet's poison

Skill      XL: |  1  2  3  4  5  6  7  8  9 10 11 |
---------------+----------------------------------+-----
Conjurations   | 2 3 4 5 7 9 11 12 14 | 14.8
Spellcasting   | 4 5 6 7 8 |  8.6
Fighting       | 1 |  1.9
Air Magic      | 5 7 9 11 12 14 | 14.7
Shields        | 4 |  4.0
Dodging        | |  2.1
Stealth        | |  2.0

Action                   |  1- 3 |  4- 6 |  7- 9 | 10-12 || total
-------------------------+-------+-------+-------+-------++-------
Melee: Dagger            |       |    29 |       |       ||    29
       Kick              |       |     6 |     8 |     5 ||    19
       Peck              |       |     5 |     9 |     3 ||    17
       Falchion          |       |     4 |    21 |       ||    25
       Staff             |       |       |     5 |    12 ||    17
 Cast: Shock             |    71 |   136 |    87 |    35 ||   329
       Static Discharge  |       |     8 |    36 |    20 ||    64
       Airstrike         |       |     5 |    16 |   253 ||   274
       Lightning Bolt    |       |       |    18 |    22 ||    40
       Orb of Destructio |       |       |       |     4 ||     4
Invok: Divine Energy     |       |       |     1 |       ||     1
 Abil: Fly               |       |     5 |     1 |     2 ||     8
  Use: Scroll            |       |     1 |    16 |     3 ||    20
       Potion            |       |     1 |       |     5 ||     6
  Eat: Chunk             |     1 |    11 |    20 |    42 ||    74
       Ration            |       |     1 |       |     4 ||     5
Armor: Robe              |     9 |     9 |       |     3 ||    21
       Troll leather arm |       |       |    22 |    48 ||    70
       Chain mail        |       |       |       |    10 ||    10
       Skin              |       |       |       |     5 ||     5
Dodge: Dodged            |    10 |    29 |    62 |    84 ||   185
Block: Buckler           |       |       |       |    27 ||    27
       Rpst.: Falchion   |       |     1 |    18 |       ||    19
       Staff             |       |       |       |     5 ||     5
